[Event "*** MasterClass Titled Tuesday Blitz"]
[Site "Chess.com"]
[Date "2017.12.12"]
[Round "1"]
[White "MaxLeto"]
[Black "jefferyx"]
[Result "0-1"]
[WhiteElo "2404"]
[BlackElo "2757"]
[TimeControl "180+2"]
[EndTime "13:08:24 PST"]
[Termination "jefferyx won by checkmate"]

1. d4 Nf6 2. Bf4 d5 3. e3 c5 4. c3 Bf5 5. Qb3 Qc8 6. Bb5+ Nbd7 7. Nf3 e6 8. Nbd2 Be7 9. Ne5 O-O 10. Ndf3 c4 11. Bxd7 Nxd7 12. Qd1 Nxe5 13. Nxe5 f6 14. Nf3 Bd3 15. Qd2 b5 16. Ng1 a5 17. Ne2 b4 18.
O-O bxc3 19. bxc3 Ra7 20. Rfd1 Rb7 21. Nc1 Bg6 22. f3 Ba3 23. Ne2 Qc6 24. Ng3 Bd3 25.
e4 Bb2 26. Rab1 Bxb1 27. Rxb1 Bxc3 28. Qd1 Bxd4+ 29. Kh1 Rxb1 30. Qxb1 Be5 31. Bxe5 fxe5 32. exd5 exd5 33. Nf5 Qe6 34. g4 g6 35. Nh6+ Kg7 36. g5 Qh3 37. Qb7+ Kh8 38. Kg1 Qxf3 39. Nf7+ Qxf7 40.
Qxf7 Rxf7 41. h4 e4 42. a4 e3 43. h5 e2 44. h6 e1=Q+ 45. Kh2 Rf2+ 46. Kh3 Qe3+ 47.
Kg4 Rf4# 0-1

[Event "*** MasterClass Titled Tuesday Blitz"]
[Site "Chess.com"]
[Date "2017.12.12"]
[Round "1"]
[White "nicegg"]
[Black "Angry_Serb"]
[Result "0-1"]
[WhiteElo "1984"]
[BlackElo "2441"]
[TimeControl "180+2"]
[EndTime "13:08:24 PST"]
[Termination "Angry_Serb won by checkmate"]

1. e4 c5 2. Qh5 e6 3. f4 Nf6 4. Qf3 d6 5. d3 Nc6 6. c3 Be7 7. g4 h6 8. h4 e5 9. f5 d5 10. g5 hxg5 11. hxg5 Rxh1 12. Qxh1 Nd7 13. Nf3 Nf8 14. Qh8 g6 15. f6 Bd6 16. exd5 e4 17.
dxe4 Bg3+ 18. Kd1 Bg4 19. Be2 Bxf3 20. Bxf3 Ne5 21. Be2 Qd7 22. Be3 c4 23. Nd2 Qa4+ 24. b3 cxb3 25. Nxb3 Nc4 26. Bc5 O-O-O 27. Bxf8 Ne3+ 28.
Kd2 Bf4 29. Qh3+ Kb8 30. Qf3 Nxd5+ 31. Ke1 Bxg5 32. exd5 Rxf8 33. Qd3 Qf4 34. Nd4 Rh8 35. Kd1 Rh1+ 36. Kc2 Rxa1 37. Nf3 Qa4+ 38. Kb2 Qxa2# 0-1

[Event "*** MasterClass Titled Tuesday Blitz"]
[Site "Chess.com"]
[Date "2017.12.12"]
[Round "1"]
[White "kereswasbest"]
[Black "amaidel"]
[Result "1-0"]
[WhiteElo "2214"]
[BlackElo "2487"]
[TimeControl "180+2"]
[EndTime "13:08:25 PST"]
[Termination "kereswasbest won by resignation"]

1. e4 e5 2. Nf3 Nc6 3. Bb5 g6 4.
O-O d6 5. Re1 Bd7 6. c3 a6 7.
Bf1 Bg7 8. d4 Nf6 9. h3 O-O 10.
Na3 Re8 11. d5 Ne7 12. b4 Nh5 13. g3 h6 14. b5 axb5 15. Nxb5 Ra5 16. c4 f5 17. Bd2 Ra8 18. exf5 gxf5 19. Nxe5 Bxe5 20. Qxh5 Bxa1 21. Rxa1 Rf8 22. Bxh6 Rf6 23. Bg5 Rf7 24. Nd4 Rh7 25. Qf3 Qf8 26. h4 Ng6 27. Bh3 Ne5 28. Qf4 Ng4 29. f3 Ne5 30. Bxf5 Bxf5 31. Nxf5 Kh8 32.
Re1 Rf7 33. Rxe5 dxe5 34. Qxe5+ Kh7 35. g4 Rxa2 36. Qe4 Ra1+ 37. Kg2 Ra2+ 38. Kh3 Kh8 39. Qe5+ Kh7 40. h5 Rxf5 41. gxf5 Qf7 42. Qe7 Qxe7 43.
Bxe7 Rc2 44. f6 Kg8 45. h6 Rc1 46. h7+ Kxh7 47. f7 1-0

[Event "*** MasterClass Titled Tuesday Blitz"]
[Site "Chess.com"]
[Date "2017.12.12"]
[Round "1"]
[White "GMHess"]
[Black "Goala"]
[Result "1-0"]
[WhiteElo "2576"]
[BlackElo "2280"]
[TimeControl "180+2"]
[EndTime "13:08:29 PST"]
[Termination "GMHess won on time"]

1. d4 e6 2. e4 d5 3. Nc3 Nf6 4. Bg5 Be7 5. e5 Nfd7 6. h4 O-O 7. Qd2 c5 8. Bxe7 Qxe7 9. Nb5 Nc6 10. c3 f6 11. f4 cxd4 12. cxd4 fxe5 13. dxe5 Qb4 14. Nh3 Nc5 15. Nd6 Bd7 16. Rc1 Ne4 17. Qxb4 Nxb4 18.
Nxe4 dxe4 19. a3 Nd5 20. g3 Rac8 21. Rxc8 Rxc8 22. Bg2 e3 23. O-O Rc2 24. f5 Rxb2 25.
Ng5 e2 26. Re1 Ne3 27. fxe6 Be8 28. Ne4 h6 29. Nd6 Kf8 30. Bxb7 Ke7 31. Bf3 Bg6 32. Kf2 Nf5 33. h5 Bh7 34. Be4 1-0

[Event "*** MasterClass Titled Tuesday Blitz"]
[Site "Chess.com"]
[Date "2017.12.12"]
[Round "1"]
[White "Salem-AR"]
[Black "TomsKantans"]
[Result "1-0"]
[WhiteElo "2832"]
[BlackElo "2423"]
[TimeControl "180+2"]
[EndTime "13:08:30 PST"]
[Termination "Salem-AR won by resignation"]

1. Nf3 Nf6 2. c4 c5 3. Nc3 Nc6 4. g3 g6 5. Bg2 Bg7 6. d4 d5 7. O-O O-O 8. dxc5 dxc4 9. Qa4 Qa5 10. Qxa5 Nxa5 11. Bf4 Bd7 12. Ne5 Be6 13. c6 Nxc6 14.
Nxc6 bxc6 15. Bxc6 Rac8 16. Bb7 Rcd8 17. Rad1 Bh3 18.
Rfe1 Rd7 19. Bc6 Rxd1 20. Rxd1 Nh5 21. Be3 a6 22. Bd5 Rc8 23. f3 Be5 24. Kf2 Be6 25. Bxe6 fxe6 26. Bd4 Bd6 27. Ne4 Bb4 28. Be5 Ng7 29. g4 Ne8 30. Rd7 h6 31. f4 Kf7 32.
h4 Rc6 33. a3 Ba5 34. Kf3 Be1 35. h5 gxh5 36. gxh5 Bh4 37. Ra7 Nf6 38. Nd6+ Kf8 39. Nb7 Kf7 40. Nd8+ 1-0

[Event "*** MasterClass Titled Tuesday Blitz"]
[Site "Chess.com"]
[Date "2017.12.12"]
[Round "1"]
[White "lucasmito"]
[Black "SenseiJulio"]
[Result "1-0"]
[WhiteElo "2239"]
[BlackElo "2481"]
[TimeControl "180+2"]
[EndTime "13:08:36 PST"]
[Termination "lucasmito won by checkmate"]

1. e4 e6 2. d4 d5 3. Nc3 Nf6 4. e5 Nfd7 5. f4 c5 6. Nf3 a6 7. Be3 Qb6 8. Na4 Qa5+ 9. c3 cxd4 10. b4 Qc7 11. Bxd4 Nc6 12. Nb2 Nxd4 13. Qxd4 Be7 14.
Bd3 b6 15. h4 Bb7 16. h5 h6 17. f5 a5 18. fxe6 fxe6 19. Bg6+ Kd8 20. O-O Rf8 21. a3 Rc8 22. Rac1 axb4 23. axb4 Ra8 24. Ra1 Rxa1 25. Rxa1 Rxf3 26. gxf3 Nxe5 27. Qf4 Qxc3 28. Ra7 Nxf3+ 29. Kg2 Nh4+ 30. Kf1 Qxb2 31. Qb8+ Kd7 32. Qxb7+ Kd6 33. Qxe7+ Ke5 34. Qxg7+ Kf4 35. Qxb2 Nf3 36. Rf7+ Kg4 37. Qg2+ Kh4 38. Rf4# 1-0

[Event "*** MasterClass Titled Tuesday Blitz"]
[Site "Chess.com"]
[Date "2017.12.12"]
[Round "1"]
[White "twitchTriniCupid"]
[Black "tango_argentino"]
[Result "0-1"]
[WhiteElo "2234"]
[BlackElo "2525"]
[TimeControl "180+2"]
[EndTime "13:08:38 PST"]
[Termination "tango_argentino won by resignation"]

1. d4 Nf6 2. c4 g6 3. Nc3 Bg7 4. Bg5 d6 5. e3 O-O 6. Qc2 c6 7.
Nf3 a6 8. Be2 b5 9. b3 Nbd7 10.
O-O Bb7 11. Rac1 b4 12. Na4 Nb6 13. Nxb6 Qxb6 14. c5 Qa5 15. Rfd1 h6 16. Bh4 Rfe8 17. Bc4 Rad8 18. Bxf6 exf6 19. cxd6 f5 20. Nd2 Rxd6 21.
Be2 Rdd8 22. Bf3 Rc8 23. Nc4 Qd8 24. a3 bxa3 25. Nxa3 h5 26. g3 Qe7 27. Nc4 h4 28. b4 Qxb4 29. Rb1 Qe7 30. Rb6 h3 31. Rdb1 Ba8 32. Rxa6 c5 33. Bxa8 Rxa8 34. Rxa8 Rxa8 35. Nb6 Qb7 36. d5 Rb8 37. Qxc5 Bf8 38. Qc6 Qe7 39.
d6 Qxd6 40. Qxd6 Bxd6 41. Rb2 Be5 42. Rb4 Bd6 43. Rb2 Ba3 44. Rb3 Bc5 45. f3 Rxb6 46. Rxb6 Bxe3+ 0-1

[Event "*** MasterClass Titled Tuesday Blitz"]
[Site "Chess.com"]
[Date "2017.12.12"]
[Round "1"]
[White "vanea_03"]
[Black "TST2014"]
[Result "1-0"]
[WhiteElo "2532"]
[BlackElo "2246"]
[TimeControl "180+2"]
[EndTime "13:08:42 PST"]
[Termination "vanea_03 won by resignation"]

1. d4 Nf6 2. c4 g6 3. Nc3 Bg7 4. e4 O-O 5. Nge2 d6 6. Ng3 c5 7.
d5 e6 8. Be2 exd5 9. exd5 h5 10.
Bg5 Qb6 11. Qd2 Nh7 12. Bh4 Nd7 13. O-O Ne5 14. Nge4 f5 15. Ng5 Bh6 16. f4 Ng4 17.
Nxh7 Kxh7 18. Rae1 Bg7 19. Kh1 Qc7 20. h3 Nf6 21. Bf3 Bd7 22. Re2 Rae8 23. Rfe1 Rxe2 24. Rxe2 Re8 25. Rxe8 Bxe8 26. Qe3 a6 27. Bxf6 Bxf6 28. Qxe8 Qe7 29. Qxe7+ Bxe7 30. g4 hxg4 31. hxg4 Bf6 32.
Kg2 Kg7 33. Nd1 b5 34. b3 b4 35. Kf2 fxg4 36. Bxg4 g5 37. fxg5 Bxg5 38. Kf3 Kf6 39. Ke4 Bd2 40. Ne3 Bc3 41. Bc8 a5 42. Ng4+ Kg5 43.
Nf2 Bd4 44. Nd3 Bc3 45. Nf4 Kf6 46. Ne6 Ke7 47. Kf5 Be5 48. Ng5 Bc3 49. Kg6 Bb2 50. Nf3 Bc3 51. Nh4 Kd8 52. Be6 Kc7 53. Kf7 Be5 54.
Ke7 Bf4 55. Nf5 Bg5+ 56. Ke8 Bf6 57. Kf7 Bg5 58. Ng7 Bf4 59. Bh3 Bg3 60. Ke6 Kd8 61. Nf5 Bf4 62. Nxd6 Kc7 63. Ne4 Kb6 64. d6 a4 65. d7 Bc7 66. Nf6 axb3 67. Nd5+ Kb7 68. axb3 Bd8 69. Kf7 Kc6 70. Ke8 Bg5 71. Ne7+ 1-0

[Event "*** MasterClass Titled Tuesday Blitz"]
[Site "Chess.com"]
[Date "2017.12.12"]
[Round "1"]
[White "GMBenjaminBok"]
[Black "Hanging_pointer"]
[Result "1-0"]
[WhiteElo "2593"]
[BlackElo "2291"]
[TimeControl "180+2"]
[EndTime "13:08:48 PST"]
[Termination "GMBenjaminBok won by resignation"]

1. Nf3 Nf6 2. g3 b5 3. Bg2 Bb7 4. Na3 a6 5. c4 b4 6. Nc2 a5 7. d4 e6 8. O-O Be7 9. d5 exd5 10. Nh4 c6 11. cxd5 Nxd5 12. Nf5 O-O 13. Bxd5 cxd5 14. Nce3 d4 15. Qxd4 Bf6 16. Qg4 Kh8 17. Rd1 Nc6 18. Nd6 Ba6 19. Nd5 Be5 20. Bf4 f5 21. Nxf5 Bxe2 22. Qxe2 Rxf5 23. Be3 Qf8 24. Nb6 Re8 25.
Nxd7 Qf7 26. Rac1 Nd4 27. Qg4 Nf3+ 28. Kg2 h5 29. Nxe5 Rexe5 30. Rc8+ Kh7 31. Qc4 Qb7 32. Qc6 Qf7 33. Qc4 Qb7 34. Qg8+ Kg6 35. Rd6+ Rf6 36.
Rxf6+ Kxf6 37. Rf8+ Kg6 38. Rxf3 Rf5 39. Qe6+ Rf6 40.
Qe8+ Rf7 41. Qxf7+ Qxf7 42. Rxf7 Kxf7 43. Kf3 Ke6 44. Ke4 1-0

[Event "*** MasterClass Titled Tuesday Blitz"]
[Site "Chess.com"]
[Date "2017.12.12"]
[Round "1"]
[White "BillCoe"]
[Black "KhalilMousavi77"]
[Result "0-1"]
[WhiteElo "1905"]
[BlackElo "2430"]
[TimeControl "180+2"]
[EndTime "13:08:49 PST"]
[Termination "KhalilMousavi77 won by resignation"]

1. e4 e6 2. d4 d5 3. Nd2 c5 4.
Ngf3 Nc6 5. exd5 exd5 6. Bb5 Bd6 7. dxc5 Bxc5 8. O-O Ne7 9. Nb3 Bd6 10. c3 O-O 11.
Re1 Bg4 12. h3 Bh5 13. Be2 Bc7 14. Nbd4 a6 15. Bg5 Qd6 16. Bxe7 Nxe7 17. Qd3 Bg6 18. Qd2 Be4 19. Rad1 Nc6 20. g3 Qd7 21. Kh2 Rfe8 22. Bd3 Rad8 23. Re3 Bxf3 24. Nxf3 Bb6 25. Rxe8+ Rxe8 26. Re1 g6 27. Rxe8+ Qxe8 28. Kg2 Qe7 29. Qe2 Qd8 30. Ne5 Nxe5 31. Qxe5 d4 32. cxd4 Bxd4 33. Qe2 Qd5+ 34. Kh2 Qxa2 35. Bc4 Qa4 36. Qd3 Bxf2 37. Qd5 Qe8 38. Qxb7 Bd4 39. Qxa6 Qe3 40. Qa8+ Kg7 41.
Qg2 h5 42. b3 h4 43. gxh4 Qf4+ 44. Kh1 Qc1+ 45. Kh2 Be5+ 0-1

[Event "*** MasterClass Titled Tuesday Blitz"]
[Site "Chess.com"]
[Date "2017.12.12"]
[Round "1"]
[White "FrankieJay"]
[Black "GMKrikor"]
[Result "0-1"]
[WhiteElo "2343"]
[BlackElo "2651"]
[TimeControl "180+2"]
[EndTime "13:08:54 PST"]
[Termination "GMKrikor won on time"]

1. c4 c5 2. Nf3 Nc6 3. Nc3 e5 4. g3 g6 5. Bg2 Bg7 6. O-O d6 7. Ne1 Be6 8. Nd5 Nge7 9. Nc2 Rb8 10. Nce3 O-O 11. d3 f5 12. Nxe7+ Nxe7 13. Nd5 Nxd5 14. cxd5 Bd7 15. a4 Qa5 16. Bd2 Qa6 17. a5 c4 18. dxc4 Qxc4 19. Bg5 Rfe8 20. e4 f4 21. Qc1 Bb5 22. Qxc4 Bxc4 23. Rfc1 Ba6 24. Rc7 Kf8 25. gxf4 h6 26. Bh4 exf4 27. f3 Bxb2 28.
Rb1 Bd4+ 29. Bf2 Bxf2+ 30. Kxf2 Re7 31. Rbc1 Bb5 32. Bh3 a6 33. Rc8+ Rxc8 34. Rxc8+ Kg7 35. Rd8 Kf6 36. Rxd6+ Ke5 37. Rxg6 Rc7 38. Rxh6 Rc2+ 39. Ke1 Kd4 40. Kd1 Ba4 0-1

[Event "*** MasterClass Titled Tuesday Blitz"]
[Site "Chess.com"]
[Date "2017.12.12"]
[Round "1"]
[White "lukas_111111"]
[Black "viktoriani"]
[Result "1-0"]
[WhiteElo "2460"]
[BlackElo "2080"]
[TimeControl "180+2"]
[EndTime "13:09:18 PST"]
[Termination "lukas_111111 won by resignation"]

1. a3 e6 2. b4 Nf6 3. Bb2 Be7 4. Nf3 a5 5. b5 d5 6. e3 c5 7. c4 O-O 8. a4 Nbd7 9. Nc3 Nb6 10. cxd5 exd5 11. d4 Bg4 12. Be2 Bxf3 13. Bxf3 Nc4 14. Bc1 cxd4 15. Qxd4 Rc8 16. O-O Bc5 17. Qd1 d4 18.
Ne4 Nxe4 19. Bxe4 dxe3 20. fxe3 Nxe3 21. Bxe3 Bxe3+ 22. Kh1 Qh4 23. Qf3 Bd4 24. Bxb7 Rc3 25. Qe4 Qxe4 26. Bxe4 Re3 27. Rae1 Ra3 28. Bd5 h6 29.
Re7 Bf6 30. Re4 Rd8 31. Bc6 Rb3 32. h3 Rd2 33. Rg4 Kh7 34. Be4+ Kg8 35. Rxf6 Rd1+ 36. Kh2 h5 37. Rg5 Rb4 38. Bc6 Rxa4 39. Rf2 Rb4 40.
Rxh5 g6 41. Rg5 Kg7 42. Rg4 Rbb1 43. Ra4 Ra1 44. Rxa1 Rxa1 45. b6 Rb1 46. b7 Rb6 47. Re2 Kf6 48. Re8 1-0

[Event "*** MasterClass Titled Tuesday Blitz"]
[Site "Chess.com"]
[Date "2017.12.12"]
[Round "1"]
[White "raviteja81293"]
[Black "mishanick"]
[Result "0-1"]
[WhiteElo "2413"]
[BlackElo "2771"]
[TimeControl "180+2"]
[EndTime "13:09:21 PST"]
[Termination "mishanick won by checkmate"]

1. d4 Nf6 2. Nf3 e6 3. e3 d5 4. c4 c5 5. cxd5 Nxd5 6. e4 Nb6 7. Nc3 Be7 8. Be3 cxd4 9. Nxd4 O-O 10. Be2 e5 11.
Ndb5 Nc6 12. O-O Bd7 13. Nd5 Nxd5 14. exd5 Nb4 15. d6 Bg5 16. a3 Bxe3 17. fxe3 Nc6 18. Bc4 Qg5 19. Qf3 Kh8 20. Rad1 Rad8 21. Qf2 f5 22.
Nc7 Qf6 23. b4 a6 24. Rd2 e4 25. Rfd1 Ne5 26. Be2 Bc6 27. h4 Rd7 28. Qg3 Rfd8 29. Nd5 Qxd6 30. Nc3 Nf3+ 31. Kf2 Qxg3+ 32. Kxg3 Nxd2 33.
Re1 g6 34. a4 Kg7 35. b5 axb5 36. axb5 Bd5 37. Rd1 Bc4 38. Bxc4 Nxc4 39. Rc1 Rd3 40.
Kf2 Nxe3 41. Ne2 Ng4+ 42. Ke1 e3 43. Rc7+ R8d7 44. Rc1 Rd2 45. Nc3 Rxg2 46. b6 Rg1+ 47.
Ke2 Rd2+ 48. Kf3 Rf2# 0-1

[Event "*** MasterClass Titled Tuesday Blitz"]
[Site "Chess.com"]
[Date "2017.12.12"]
[Round "1"]
[White "Blitzstream"]
[Black "champ1000"]
[Result "0-1"]
[WhiteElo "2504"]
[BlackElo "2249"]
[TimeControl "180+2"]
[EndTime "13:09:21 PST"]
[Termination "champ1000 won by resignation"]

1. g4 e5 2. e3 c6 3. d4 e4 4.
c4 d6 5. Nc3 f5 6. gxf5 Bxf5 7.
Nge2 Bg6 8. Nf4 Bf5 9. Bg2 Nf6 10. Qb3 Qb6 11. Bd2 Nbd7 12. O-O-O Be7 13. Nfe2 Bg4 14.
Rde1 Qxb3 15. axb3 d5 16. h4 O-O 17. Nf4 Nb6 18. c5 Nbd7 19. b4 a6 20. Ref1 Nh5 21.
Nxh5 Bxh5 22. Bh3 Nf6 23. Rhg1 Kh8 24. Na4 Bd8 25. Be1 Be2 26. Kd2 Bb5 27. Nc3 Bxf1 28. Bxf1 Bc7 29. Bh3 Rad8 30. Ke2 b5 31. Bd2 a5 32.
Na2 Ra8 33. Be6 Rfe8 34. Bf5 g6 35. Bh3 Re7 36. Rg5 Kg7 37. Rg1 Nh5 38. Rg5 Rf7 39. Rg2 a4 40. Bg4 Nf6 41. Be6 Re7 42. Bh3 a3 43. b3 Kf7 44. Rg1 h5 45. Rg2 Nh7 46. Rg1 Nf8 47. Rg2 Kg7 48. Rg1 Rf7 49. Bf1 Bd8 50. Rh1 Be7 51. Bg2 Nh7 52. Bc1 Raf8 53. Rf1 Bxh4 54. f3 exf3+ 55. Bxf3 Ng5 56. Bg2 Rxf1 57. Bxf1 Rf2+ 0-1

[Event "*** MasterClass Titled Tuesday Blitz"]
[Site "Chess.com"]
[Date "2017.12.12"]
[Round "1"]
[White "chito89"]
[Black "MFBerna"]
[Result "1-0"]
[WhiteElo "2560"]
[BlackElo "2267"]
[TimeControl "180+2"]
[EndTime "13:09:26 PST"]
[Termination "chito89 won by resignation"]

1. d4 Nf6 2. c4 e6 3. Nf3 d5 4.
g3 Be7 5. Bg2 O-O 6. O-O dxc4 7.
Qc2 a6 8. a4 Bd7 9. Qxc4 Bc6 10. Bg5 Nbd7 11. Nc3 h6 12. Bxf6 Nxf6 13. Ne5 Bxg2 14.
Kxg2 c6 15. a5 Nd7 16. Nf3 Nf6 17. e4 Rc8 18. Rfd1 Qc7 19. b4 Rfd8 20. Rab1 Qb8 21. h4 Ng4 22. Na4 Rc7 23. Qe2 Nf6 24. Nb6 Nd7 25.
Nc4 Nf6 26. Rb3 Bf8 27. Nfe5 Nd7 28. Ng4 Be7 29. e5 Nf8 30. Nh2 Rcd7 31. Qg4 Rd5 32. Nf3 Rb5 33. Rdb1 Qc7 34. Ncd2 Ng6 35. h5 Nf8 36.
Ne4 Nh7 37. Nc3 Ng5 38. Nxb5 cxb5 39. Nxg5 Bxg5 40. Qe4 Be7 41. Rf3 Bf8 42. Rb2 Qc4 43.
Qxb7 Qxd4 44. Qxf7+ Kh8 45. Rc2 Bxb4 46. Qxe6 Qe4 47.
Rc8 Rxc8 48. Qxc8+ Kh7 49. Qxa6 Qxe5 50. Qg6+ Kh8 51. a6 Qd5 52. a7 Bc5 53. Qe8+ Kh7 1-0

[Event "*** MasterClass Titled Tuesday Blitz"]
[Site "Chess.com"]
[Date "2017.12.12"]
[Round "1"]
[White "biostatistician"]
[Black "ChessWarrior7197"]
[Result "0-1"]
[WhiteElo "2329"]
[BlackElo "2645"]
[TimeControl "180+2"]
[EndTime "13:09:29 PST"]
[Termination "ChessWarrior7197 won by resignation"]

1. d4 Nf6 2. Nf3 e6 3. c4 d5 4. Bg5 Be7 5. e3 O-O 6. Nc3 Nbd7 7. Rc1 c6 8. Bd3 h6 9. Bh4 dxc4 10. Bxc4 c5 11. O-O cxd4 12. Nxd4 Ne5 13. Bb3 Bd7 14.
Bg3 Nc6 15. Ncb5 a6 16. Nd6 Qb6 17. Nc4 Qa7 18. Nxc6 Bxc6 19. Ne5 Bd5 20. Bxd5 Nxd5 21. e4 Nf6 22. Qf3 Rac8 23. Rxc8 Rxc8 24. Nxf7 Kxf7 25. e5 Kg8 26. exf6 Bxf6 27. b3 Qb6 28. Qe4 Qc6 29.
Qe2 Kf7 30. Re1 Rd8 31. h3 Rd5 32. Qe3 Qd7 33. Qe2 Qc6 34. Qe3 Qd7 35. Qe2 Rd2 36.
Qh5+ Kg8 37. a4 Rd3 38. Rb1 Kh7 39. Kh2 Rd5 40. Qf3 h5 41. Qe4+ Rf5 42. Re1 Kg8 43. f3 Kf7 44. Qe2 Rd5 45. Qe4 h4 46. Bf4 Rd4 47. Qe3 Qd5 48. Bb8 Rd3 49. Qb6 Rxb3 50. Qc7+ Kg6 51. Qf4 Rb2 52. Qg4+ Kf7 53. Re4 Rb1 54.
Re1 Rxe1 0-1

[Event "*** MasterClass Titled Tuesday Blitz"]
[Site "Chess.com"]
[Date "2017.12.12"]
[Round "1"]
[White "ST-Sandavagur"]
[Black "pedromartinez91"]
[Result "1-0"]
[WhiteElo "2483"]
[BlackElo "2177"]
[TimeControl "180+2"]
[EndTime "13:09:31 PST"]
[Termination "ST-Sandavagur won on time"]

1. e4 e6 2. d4 d5 3. Nd2 Nf6 4. e5 Ne4 5. Bd3 Nxd2 6. Bxd2 c5 7. c3 Qb6 8. Ne2 c4 9. Bc2 Qxb2 10. O-O Nc6 11. f4 g6 12. g4 Qb6 13. Rb1 Qd8 14.
f5 Qh4 15. Ng3 Bh6 16. fxe6 Bxe6 17. Rxb7 O-O 18. Bxh6 Qxh6 19. Qf3 Rab8 20. Rc7 Rbc8 21. Rxc8 Rxc8 22. Kh1 Qg5 23. Nf5 Kh8 24. Nd6 Rf8 25. h3 Kg8 26. Kh2 Qd2+ 27. Rf2 Nxd4 28. cxd4 Qxd4 29. Qf4 Qc3 30. h4 d4 31. h5 d3 32.
h6 f5 33. Bd1 Qe1 34. gxf5 Bxf5 35. Bf3 d2 36. Bd5+ Kh8 37. Qxd2 Qxe5+ 38. Qf4 Qxd5 39. Rd2 Qe6 40. Qd4+ Qf6 41. Nf7+ Rxf7 42. Qxf6+ Rxf6 43. Rd8+ 1-0

[Event "*** MasterClass Titled Tuesday Blitz"]
[Site "Chess.com"]
[Date "2017.12.12"]
[Round "1"]
[White "SidArun"]
[Black "ChainsOfFantasia"]
[Result "0-1"]
[WhiteElo "2187"]
[BlackElo "2486"]
[TimeControl "180+2"]
[EndTime "13:09:39 PST"]
[Termination "ChainsOfFantasia won by resignation"]

1. e4 c6 2. d4 d5 3. e5 Bf5 4. Nc3 e6 5. g4 Bg6 6. Nge2 c5 7. h4 h5 8. Nf4 cxd4 9. Qxd4 Nc6 10. Bb5 a6 11.
Bxc6+ bxc6 12. Nxg6 fxg6 13. Qd3 Ne7 14. f3 Qc7 15.
Bf4 hxg4 16. fxg4 g5 17. Bxg5 Qxe5+ 18. Qe3 Qxe3+ 19. Bxe3 Ng6 20. h5 Ne5 21. g5 d4 22.
Bf4 Nf3+ 23. Kf2 dxc3 24. Kxf3 cxb2 25. Rab1 Ba3 26. Be5 O-O+ 27. Kg3 Rf5 28. Bxb2 Rxg5+ 29. Kf3 Rf8+ 30. Ke4 Bd6 31. h6 Rf4+ 32. Ke3 Rg3+ 33. Ke2 Rg2+ 34. Ke3 gxh6 35. Rxh6 Rff2 36. Rg6+ Kf7 37.
Rxg2 Rxg2 38. Rf1+ Ke7 39. Kd3 e5 40. Re1 Ke6 41.
Bc3 Kd5 42. Ba1 Rg3+ 43. Kd2 Ra3 44. Bc3 Rxa2 45. Rh1 Ra4 46. Rh8 Rg4 47. Ra8 Rg2+ 48. Kd1 Ke4 49. Rxa6 Rg1+ 50. Ke2 Kd5 51. Bd2 Rg2+ 52.
Kd3 Rg3+ 53. Ke2 e4 54. Ra5+ c5 55. Ra1 Rg2+ 56. Ke3 Bf4+ 57. Kxf4 Rxd2 58. c4+ Kd4 59. Re1 Rf2+ 60. Kg3 Rf7 61. Rc1 Kd3 0-1

[Event "*** MasterClass Titled Tuesday Blitz"]
[Site "Chess.com"]
[Date "2017.12.12"]
[Round "1"]
[White "HarutyunianTigranK"]
[Black "StoreySniper"]
[Result "1-0"]
[WhiteElo "2603"]
[BlackElo "2310"]
[TimeControl "180+2"]
[EndTime "13:09:41 PST"]
[Termination "HarutyunianTigranK won by resignation"]

1. c4 g6 2. Nc3 Bg7 3. Nf3 c5 4.
g3 Nc6 5. Bg2 d6 6. O-O Nf6 7. d4 cxd4 8. Nxd4 Bd7 9. Nc2 h5 10.
h4 Qc8 11. Bg5 Bh3 12. Bxf6 Bxf6 13. Nd5 Bxg2 14. Nxf6+ exf6 15. Kxg2 Qe6 16. b3 Qe4+ 17. f3 Qe6 18. Qd3 Ne5 19. Qe4 O-O-O 20. Nd4 Qd7 21.
Rac1 f5 22. Qd5 Kb8 23. Rfd1 Rhe8 24. Nb5 Nc6 25. Rd2 a6 26. Nd4 Nxd4 27. Qxd4 Re6 28. Rcd1 Rde8 29. Kf2 Qe7 30. Re1 g5 31. hxg5 Qxg5 32.
Rh1 Rg8 33. Qf4 Qxf4 34. gxf4 Rh6 35. Rd5 Rhg6 36. Rxf5 Rg2+ 37. Kf1 h4 38. Rg5 R8xg5 39. fxg5 Rxg5 40. Rxh4 Kc7 41. Kf2 Kc6 42. Rf4 f5 43. Ke3 b5 44. Kd3 Rh5 45. cxb5+ axb5 46. Ke3 Kc5 47. b4+ Kd5 48. Rd4+ Ke5 49. f4+ Ke6 50.
Rd3 Rh3+ 51. Kd2 Rh4 52. Rf3 Kd5 53. Kc3 Ke4 54. Rd3 d5 55. Rd4+ Ke3 56. Rxd5 Rxf4 57.
Rxb5 Kxe2 58. Re5+ Re4 59. Rxf5 Re3+ 60. Kc4 Ra3 61. Rh5 Kf3 62. Rh3+ 1-0

[Event "*** MasterClass Titled Tuesday Blitz"]
[Site "Chess.com"]
[Date "2017.12.12"]
[Round "1"]
[White "dusanacns"]
[Black "djano"]
[Result "1/2-1/2"]
[WhiteElo "2609"]
[BlackElo "2335"]
[TimeControl "180+2"]
[EndTime "13:09:42 PST"]
[Termination "Game drawn - insufficient material"]

1. e4 c5 2. Nf3 Nc6 3. Bb5 g6 4. Bxc6 bxc6 5. O-O Bg7 6. c3 Nf6 7. Re1 O-O 8. d4 cxd4 9. cxd4 d5 10. e5 Ne4 11. Nbd2 Bf5 12. Nf1 c5 13. Ne3 cxd4 14.
Nxf5 gxf5 15. Nxd4 e6 16. f3 Nc5 17. Be3 Rc8 18.
Qd2 Bxe5 19. Bh6 Bg7 20. Bxg7 Kxg7 21. b4 Ne4 22. fxe4 fxe4 23. b5 Rc4 24. Rac1 Ra4 25. Re3 Kh8 26. Nc6 Qg5 27. Rf1 f6 28. a3 Rxa3 29.
Re2 Qxd2 30. Rxd2 f5 31. Nd4 Re8 32. g3 Kg7 33. Rc1 Kf6 34. Rc7 Re7 35. Rc8 Kf7 36.
Nc6 Re8 37. Ne5+ Ke7 38. Rdc2 Rxc8 39. Rxc8 e3 40. Kf1 Kf6 41. Nd7+ Ke7 42. Nc5 Ra2 43. Rc6 d4 44. Rxe6+ Kf7 45. Rd6 Rxh2 46. Rxd4 Rb2 47. Rd7+ Kg6 48. Rxa7 Rxb5 49. Ne6 h6 50. Nf4+ Kg5 51. Rg7+ Kf6 52. Rg6+ Kf7 53. Rxh6 Rb2 54. Re6 Rf2+ 55. Kg1 Rf3 56. Re5 Rxg3+ 57. Kf1 Rf3+ 58. Ke2 Rxf4 59. Kxe3 Rf1 60. Ke2 Rf4 61. Ke3 Re4+ 62. Rxe4 fxe4 63. Kxe4 1/2-1/2

[Event "*** MasterClass Titled Tuesday Blitz"]
[Site "Chess.com"]
[Date "2017.12.12"]
[Round "1"]
[White "Annawel"]
[Black "ENEASZ"]
[Result "1-0"]
[WhiteElo "2749"]
[BlackElo "2403"]
[TimeControl "180+2"]
[EndTime "13:09:43 PST"]
[Termination "Annawel won by checkmate"]

1. d4 Nf6 2. Bf4 b6 3. Nf3 Bb7 4. e3 h6 5. h3 d6 6. a4 Ne4 7. a5 a6 8. c3 Nd7 9. axb6 cxb6 10. Bd3 g5 11. Bh2 Bg7 12. Nbd2 Ndf6 13. O-O O-O 14.
Qc2 Nxd2 15. Nxd2 Re8 16. e4 e5 17. Rfe1 Nh5 18. dxe5 dxe5 19. Nf1 Nf4 20. Bc4 Qc7 21. Ba2 Kh8 22. Ne3 Bc8 23. Bd5 Ra7 24. Red1 b5 25. Kh1 h5 26. f3 Bf8 27. b4 Be6 28.
Bg1 Qc8 29. Nf5 Bxf5 30. Bxa7 Bxh3 31. g3 Bg2+ 32. Kg1 Bxf3 33. gxf4 gxf4 34. Kh2 Bxb4 35. Rg1 Bg4 36. Bf2 Be7 37. c4 b4 38. c5 Rg8 39.
Qb2 Bf6 40. Qxb4 f3 41. Qb6 Bg5 42. Qd6 Qe8 43. Rxa6 h4 44. Bxh4 Rg6 45. Bxg5 Rxd6 46. Rxd6 Qa4 47. Rxg4 Qc2+ 48. Kh3 f2 49. Bf6+ Kh7 50.
Rg7+ Kh6 51. Bxe5+ f6 52. Rxf6+ Kh5 53. Bf7# 1-0

[Event "*** MasterClass Titled Tuesday Blitz"]
[Site "Chess.com"]
[Date "2017.12.12"]
[Round "1"]
[White "truki"]
[Black "Taron_Shagbazyan"]
[Result "0-1"]
[WhiteElo "2201"]
[BlackElo "2507"]
[TimeControl "180+2"]
[EndTime "13:10:02 PST"]
[Termination "Taron_Shagbazyan won by resignation"]

1. d4 d5 2. Bf4 Nf6 3. e3 c5 4.
c3 Nc6 5. Nd2 Qb6 6. Qb3 c4 7.
Qc2 g6 8. b3 Bf5 9. Qb2 e6 10.
Ngf3 h6 11. h3 g5 12. Bh2 a5 13. Be2 Be7 14. O-O a4 15. Ne5 h5 16. Ndxc4 dxc4 17. Nxc4 a3 18. Nxb6 axb2 19. Nxa8 bxa1=Q 20. Rxa1 Nd5 21. c4 Ndb4 22. Nc7+ Kd7 23. a3 Nc2 24. Ra2 Bxa3 25. Nb5 N6b4 26. Rxa3 Nxa3 27. Nxa3 Ra8 28. e4 Bxe4 29.
f3 Bg6 30. Nb5 Ra1+ 31. Kf2 Ra2 32. Nc3 Rb2 33. Ne4 Nd3+ 34. Ke3 Bxe4 35. fxe4 Nf4 36. Bxf4 gxf4+ 37. Kf2 h4 38. Kf3 Rxb3+ 39. Kxf4 Rb2 40.
Bf3 Rc2 41. c5 Rc4 42. Ke5 Ke7 43. Kf4 Rxd4 44. Kg5 Rc4 45. e5 Rxc5 46. Bxb7 Rxe5+ 47. Kxh4 Rb5 48. Bf3 Kf6 49. Kg4 Rb4+ 50. Kg3 Kg5 51.
Bc6 f5 52. Bd7 Rb3+ 53. Kf2 e5 54. Be6 Rb2+ 55. Kg3 Rb6 56. Bd7 Rb3+ 57. Kf2 e4 58. g3 Rb2+ 59. Kf1 Kf6 60. h4 Ke5 61. h5 f4 62. gxf4+ Kxf4 63. h6 Rh2 0-1